General information
- name: BNet
- type: Ladder 1vs1/FFA
- host: Battle.net
- saver: deviIqoo
map: SecretValley
- players: 2
- length: 04:45
- speed: Fast
- version: 1.26 W3XP
- replay type: Public
» download(14 KB)
Players
team 1 (winner)
deviIqoo (
blue | 71 APM | 336 actions | 04:45)
2 Mountain King
1 Storm Bolt
1 Bash
» actions
| Assign group hotkey | 28 | |
| Basic commands | 7 | |
| Build / train | 29 | |
| ESC pressed | 1 | |
| Enter build submenu | 11 | |
| Enter hero's abilities submenu | 2 | |
| Right click | 94 | |
| Select / deselect | 64 | |
| Select group hotkey | 82 | |
| Use ability | 18 | |
336 total
» units
» buildings
| Altar of Kings | 1 | |
| Farm | 6 | |
| Barracks | 1 | |
| Scout Tower | 2 | |
| Arcane Tower | 1 | |
11 total
» build order
00:08 Altar of Kings
00:10 Farm
00:11 Farm
00:12 Farm
00:37 Barracks
00:42 Farm
01:29 Farm
01:59 Farm
03:26 Scout Tower
03:28 Scout Tower
03:56 Arcane Tower
team 2 (loser)
7.46 (
teal | 56 APM | 261 actions | 04:41)
1 Archmage
1 Blizzard
» actions
| Assign group hotkey | 13 | |
| Basic commands | 5 | |
| Build / train | 30 | |
| Enter build submenu | 9 | |
| Enter hero's abilities submenu | 1 | |
| Right click | 96 | |
| Select / deselect | 63 | |
| Select group hotkey | 22 | |
| Use ability | 22 | |
261 total
» units
» buildings
| Altar of Kings | 1 | |
| Farm | 4 | |
| Arcane Vault | 1 | |
| Scout Tower | 2 | |
| Lumber Mill | 1 | |
| Arcane Tower | 5 | |
14 total
» build order
00:08 Altar of Kings
00:28 Farm
00:29 Farm
00:48 Arcane Vault
01:04 Scout Tower
01:36 Farm
01:49 Lumber Mill
01:58 Arcane Tower
01:58 Arcane Tower
01:58 Arcane Tower
02:07 Scout Tower
03:04 Arcane Tower
03:52 Farm
» items
| Mechanical Critter | 2 | |
| Lesser Clarity Potion | 2 | |
| Scroll of Regeneration | 2 | |
6 total
Chat log
(04:41 / All) deviIqoo: RAPED